Map: Crimson Court LE

Players

jeannysu

  • Race: Terran Terran
  • Spawn Location: 7:00

인공지능 칸 (정예) - Winner!

  • Race: Terran Terran
  • Spawn Location: 1:00

VOD

Have the link to the VOD?

Description

Time

  • Played on: Sept. 28, 2025, 9:49 a.m.
  • Length: 8:20
Show
View Real Time Build Order
Export as new Build Order

jeannysu Terran 

Build Orders: Mech 

Get SALT Encoding   

  12  0:02  SCV  
  13  0:17  Supply Depot, SCV  
  14  0:29  SCV  
  15  0:39  Barracks  
  15  0:42  Refinery  
  15  0:44  SCV  
  16  0:56  SCV  
  17  1:08  SCV  
  18  1:20  SCV  
  19  1:32  Command Center  
  19  1:38  Orbital Command  
  19  1:42  Barracks Reactor  
  19  2:08  Factory  
  19  2:13  Refinery, SCV  
  20  2:18  Marine  
  20  2:19  Marine  
  22  2:25  SCV  
  23  2:41  Supply Depot  
  23  2:44  SCV  
  24  2:46  Orbital Command  
  24  2:49  Refinery  
  24  2:56  SCV  
  24  2:57  Starport  
  25  3:00  Barracks Tech Lab  
  25  3:06  Hellion  
  25  3:08  SCV  
  25  3:12  Hellion  
  30  3:17  SCV  
  31  3:20  SCV  
  32  3:29  SCV  
  32  3:32  SCV  
  34  3:38  Starport Tech Lab  
  34  3:41  Barracks, SCV  
  34  3:45  Factory  
  34  3:46  Factory  
  31  4:16  Raven  
  33  4:19  Siege Tank  
  33  4:23  SCV x2  
  38  4:30  Refinery  
  38  4:35  SCV x2, Armory  
  38  4:38  Factory Tech Lab  
  40  4:39  Factory Tech Lab  
  40  4:42  Mag-Field Accelerator  
  40  4:47  SCV x2  
  40  4:51  Cyclone  
  45  4:59  SCV  
  46  5:08  Supply Depot  
  46  5:22  Cyclone x2, Supply Depot, SCV x2  
  46  5:26  Terran Vehicle Weapons Level 1  
  46  5:27  Armory  
  54  5:32  Supply Depot  
  54  5:34  SCV x2  
  56  5:38  Command Center  
  56  5:47  SCV x2  
  58  5:54  Cyclone  
  58  5:55  Siege Tank  
  64  5:59  SCV x2  
  66  6:07  Supply Depot  
  66  6:11  SCV x2  
  68  6:13  Siege Tank  
  71  6:23  SCV x2  
  71  6:24  Starport  
  73  6:27  Siege Tank  
  73  6:29  Factory  
  76  6:46  Supply Depot  
  76  6:58  Raven  
  76  7:00  Starport Reactor  
  78  7:15  Orbital Command  
  78  7:20  Factory Reactor  
  78  7:26  Supply Depot  
  64  7:59  Hellbat x2  
Show
View Real Time Build Order
Export as new Build Order

인공지능 칸 (정예) Terran - Winner!

Build Orders:  

Get SALT Encoding   

  12  0:00  SCV  
  13  0:13  SCV  
  14  0:18  Supply Depot  
  14  0:25  SCV  
  15  0:28  Refinery  
  15  0:40  SCV  
  16  0:47  Barracks  
  16  0:52  SCV  
  17  1:04  SCV  
  18  1:16  SCV  
  19  1:34  Marine  
  19  1:36  Orbital Command, Supply Depot  
  19  1:39  Factory  
  20  1:47  Barracks  
  20  1:52  Marine  
  21  2:02  SCV  
  21  2:04  Refinery  
  22  2:09  Marine  
  22  2:14  SCV  
  24  2:21  Supply Depot  
  24  2:24  Factory Tech Lab  
  24  2:26  SCV  
  24  2:28  Marine  
  26  2:33  Marine  
  27  2:44  Siege Tank  
  29  2:45  SCV  
  29  2:50  Marine  
  31  2:52  Marine  
  31  2:57  SCV  
  33  2:59  Supply Depot  
  33  3:08  Marine  
  33  3:09  SCV  
  33  3:10  Marine  
  36  3:16  Siege Tank  
  39  3:21  SCV  
  39  3:26  Marine  
  41  3:28  Marine  
  41  3:32  Supply Depot  
  42  3:36  SCV  
  43  3:48  SCV  
  44  4:00  SCV  
  44  4:01  Barracks Tech Lab  
  45  4:03  Barracks Tech Lab  
  45  4:10  Command Center  
  45  4:12  SCV  
  45  4:13  Supply Depot  
  46  4:19  Marine  
  46  4:21  Marine  
  48  4:24  SCV  
  48  4:29  Stimpack  
  49  4:33  Combat Shield  
  49  4:37  Marauder  
  51  4:39  Marauder  
  53  4:51  Engineering Bay  
  53  4:58  Marauder  
  55  5:05  Marauder  
  57  5:10  Supply Depot  
  57  5:17  Terran Infantry Armor Level 1  
  57  5:20  Marauder  
  59  5:22  SCV  
  59  5:24  SCV  
  59  5:26  Marauder  
  63  5:34  SCV  
  64  5:36  SCV  
  64  5:41  Marauder  
  67  5:46  SCV  
  67  5:48  Marauder, Engineering Bay, SCV  
  71  5:52  Concussive Shells  
  71  5:58  SCV  
  71  6:00  Barracks  
  71  6:01  SCV  
  73  6:05  Marine  
  73  6:09  Marauder  
  73  6:11  SCV  
  77  6:13  SCV  
  77  6:14  Terran Infantry Weapons Level 1  
  77  6:15  Supply Depot  
  78  6:23  Marauder, SCV  
  82  6:25  SCV  
  82  6:35  SCV  
  82  6:37  SCV  
  82  6:39  Supply Depot  
  84  6:43  Marine  
  84  6:45  Marauder  
  84  6:46  Marine  
  88  6:47  Starport, SCV  
  88  6:49  SCV  
  89  6:54  Command Center  
  89  7:02  Marauder  
  89  7:04  Barracks Reactor  
  89  7:06  SCV  
  89  7:07  Supply Depot  
  92  7:10  Orbital Command  
  92  7:15  Missile Turret  
  92  7:18  Missile Turret  
  92  7:24  Marine  
  92  7:25  Barracks, Starport Reactor  
  92  7:26  Marine  
  88  7:37  Siege Tank  
  88  7:42  Marine  
  71  7:44  Marine  
  71  7:45  Marine  
  71  7:46  Marine  
  65  7:56  Refinery  
  63  7:59  Missile Turret  
  63  8:02  Marine  
  72  8:08  SCV  
Tags
 
Composition
Mech
Matchup
TvT
Race
Terran
Replay Pack
새 폴더
Spawn Locations
Cross Positions
Add a new tag
Caveats
  • Supply blocks, unpowered buildings, or Contaminate may cause inaccurate times.
  • Supply counts are checked every 10 seconds.